Map: Templo Congelado

Players

llllllllllll

  • Race: Protoss Protoss
  • League: Grandmaster

TheZergLord - Winner!

  • Race: Zerg Zerg
  • League: Master

VOD

Have the link to the VOD?

Description

Time

  • Played on: May 23, 2016, 11:59 a.m.
  • Length: 10:26
Show
View Real Time Build Order
Export as new Build Order

llllllllllll Protoss 

Build Orders:  

Get SALT Encoding   

  12  0:01  Probe (Chrono Boost)  
  13  0:11  Probe (Chrono Boost)  
  14  0:19  Pylon  
  14  0:23  Probe (Chrono Boost)  
  15  0:38  Probe (Chrono Boost)  
  16  0:43  Gateway  
  16  0:48  Probe (Chrono Boost)  
  16  0:49  Assimilator  
  17  0:57  Pylon  
  17  0:59  Probe (Chrono Boost)  
  18  1:12  Probe (Chrono Boost)  
  19  1:19  Gateway  
  19  1:23  Probe (Chrono Boost)  
  20  1:33  Cybernetics Core  
  20  1:35  Probe (Chrono Boost)  
  20  1:37  Pylon  
  21  1:41  Zealot (Chrono Boost)  
  23  1:55  Probe  
  24  2:09  Mothership Core (Chrono Boost)  
  24  2:11  Adept x2  
  30  2:30  Nexus  
  30  2:37  Pylon  
  30  2:40  Probe (Chrono Boost)  
  31  2:50  Warp Gate, Assimilator  
  31  2:55  Adept  
  31  2:56  Probe (Chrono Boost)  
  34  3:13  Pylon  
  34  3:17  Pylon  
  34  3:23  Adept  
  34  3:31  Probe (Chrono Boost)  
  35  3:47  Probe x2 (Chrono Boost)  
  37  3:55  Gateway  
  37  3:57  Probe (Chrono Boost)  
  37  3:58  Assimilator  
  37  4:00  Assimilator  
  37  4:02  Probe (Chrono Boost)  
  39  4:08  Stargate  
  39  4:09  Probe (Chrono Boost)  
  40  4:11  Stargate  
  40  4:12  Probe (Chrono Boost)  
  41  4:20  Probe (Chrono Boost)  
  41  4:23  Probe (Chrono Boost)  
  43  4:30  Probe (Chrono Boost)  
  44  4:33  Probe (Chrono Boost)  
  44  4:37  Twilight Council  
  45  4:43  Probe (Chrono Boost)  
  45  4:44  Probe (Chrono Boost)  
  47  4:51  Phoenix (Chrono Boost)  
  49  4:54  Probe x2  
  49  4:55  Oracle (Chrono Boost)  
  54  5:04  Pylon  
  54  5:06  Pylon  
  54  5:11  Pylon  
  54  5:20  Resonating Glaives  
  54  5:22  Probe  
  54  5:23  Oracle (Chrono Boost)  
  54  5:24  Probe  
  59  5:31  Oracle (Chrono Boost)  
  62  5:37  Probe x2  
  64  5:49  Probe x2  
  66  5:54  Oracle (Chrono Boost)  
  69  5:58  Adept  
  69  6:03  Pylon  
  74  6:15  Gateway  
  74  6:19  Gateway  
  74  6:21  Pylon  
  74  6:25  Oracle (Chrono Boost)  
  74  6:26  Oracle (Chrono Boost)  
  74  6:31  Probe x2  
  79  6:33  Adept  
  79  6:34  Adept x2  
  85  6:57  Gateway, Oracle x2 (Chrono Boost)  
  85  6:59  Pylon  
  91  7:02  Pylon  
  91  7:04  Pylon  
  75  7:29  Void Ray x2 (Chrono Boost)  
  83  7:33  Adept x2, Zealot  
  89  7:55  Adept x5  
  102  8:06  Oracle x2 (Chrono Boost)  
  105  8:19  Pylon  
  105  8:22  Pylon  
  105  8:37  Oracle x2 (Chrono Boost)  
  105  8:38  Adept x2  
  105  8:39  Adept  
  105  8:40  Zealot x2  
  105  8:41  Zealot  
  123  9:05  Nexus, Pylon  
  123  9:06  Adept x2  
  123  9:08  Oracle x2 (Chrono Boost)  
  133  9:19  Pylon  
  133  9:28  Zealot  
  133  9:29  Stalker x3  
  141  9:39  Oracle (Chrono Boost)  
  141  9:41  Adept  
  146  9:47  Oracle (Chrono Boost)  
Show
View Real Time Build Order
Export as new Build Order

TheZergLord Zerg - Winner!

Build Orders: Pool First 

Get SALT Encoding   

  12  0:01  Drone  
  13  0:12  Overlord  
  13  0:17  Drone  
  14  0:31  Drone x2  
  14  0:35  Drone  
  17  0:56  Spawning Pool  
  16  0:57  Drone  
  17  1:11  Hatchery  
  17  1:12  Drone  
  17  1:14  Extractor  
  16  1:18  Drone  
  16  1:22  Drone  
  18  1:32  Drone  
  19  1:42  Queen  
  19  1:43  Zergling x2  
  22  1:50  Overlord  
  22  2:00  Drone, Extractor  
  23  2:15  Hatchery  
  23  2:18  Metabolic Boost  
  22  2:28  Queen  
  24  2:32  Drone  
  25  2:38  Drone  
  25  2:39  Drone  
  25  2:43  Zergling x4  
  29  2:48  Zergling x2  
  29  2:50  Zergling x2  
  31  2:55  Zergling x2  
  32  2:59  Overlord  
  32  3:01  Drone  
  32  3:10  Zergling x6  
  33  3:20  Zergling x2  
  33  3:21  Zergling x2  
  33  3:29  Zergling x4  
  32  3:41  Zergling x8  
  32  3:46  Drone  
  36  3:52  Drone x2  
  37  3:56  Queen  
  37  3:58  Drone  
  37  4:01  Overlord  
  40  4:03  Spore Crawler  
  40  4:05  Drone x4  
  40  4:09  Overlord  
  43  4:13  Drone  
  43  4:16  Drone x2  
  46  4:20  Drone  
  46  4:21  Drone  
  48  4:28  Drone x3  
  51  4:35  Drone  
  51  4:37  Drone x3  
  55  4:47  Drone  
  55  4:49  Drone x4  
  55  4:50  Queen  
  62  5:00  Lair  
  62  5:01  Drone x3  
  65  5:08  Drone x2, Spore Crawler  
  65  5:14  Spore Crawler  
  65  5:15  Drone  
  65  5:16  Spore Crawler  
  65  5:19  Spore Crawler  
  65  5:20  Spore Crawler  
  63  5:22  Overlord  
  63  5:25  Evolution Chamber  
  63  5:28  Drone x2  
  63  5:29  Drone x2  
  63  5:34  Overlord  
  63  5:35  Overlord  
  66  5:39  Extractor  
  65  5:48  Drone  
  66  5:50  Extractor  
  66  5:51  Extractor  
  66  5:52  Zerg Missile Weapons Level 1  
  66  5:54  Zergling x12  
  66  5:55  Zergling x2  
  71  5:57  Drone x3  
  74  6:05  Hydralisk Den  
  73  6:12  Roach Warren  
  73  6:13  Overlord x3  
  73  6:14  Overlord  
  73  6:24  Overlord  
  73  6:25  Overlord x2  
  73  6:30  Queen x2  
  73  6:31  Queen  
  73  6:32  Zergling x6  
  82  6:33  Zergling x8  
  86  6:47  Hatchery  
  85  6:54  Glial Reconstitution  
  85  6:56  Roach x3  
  85  6:57  Roach x6  
  92  7:20  Queen x3  
  95  7:30  Overlord  
  93  7:38  Drone x8, Hydralisk Den  
  93  7:40  Extractor  
  93  7:41  Extractor  
  93  7:43  Drone  
  99  7:54  Zerg Missile Weapons Level 2  
  101  8:07  Hydralisk, Muscular Augments  
  101  8:08  Hydralisk x9  
  101  8:09  Hydralisk  
  101  8:11  Hydralisk  
  119  8:38  Hydralisk x3  
  119  8:39  Hydralisk x6  
  137  8:42  Overlord x3  
  137  9:05  Hydralisk x2  
  137  9:06  Hydralisk x4  
  149  9:10  Hatchery  
  148  9:17  Drone x2  
  148  9:18  Hydralisk x3  
  156  9:29  Hydralisk x2  
  160  10:03  Overlord x5  
  160  10:04  Overlord  
Tags
 
Add a new tag
Caveats
  • Supply blocks, unpowered buildings, or Contaminate may cause inaccurate times.
  • Supply counts are checked every 10 seconds.